AoeStats
← LODOKO

Nomad

505668029Analyzed
2v2 RM · 23d ago on Sep 10, 2026· 30m 15s· 4 players
Game mode
Random Map
Map size
176×176
Population
200
Speed
Normal
Resources
Standard
Victory
Conquest
Starting age
Dark Age
Ending age
Imperial Age
RankedLock teamsTeams togetherTeam positionsShared explorationLock speedFull tech treeHidden civsTurbo modeCheats
Victory
Defeat
🇩🇪 Mongols · Germany
763
+13
🇩🇪 Dravidians · Germany
758
+14
🇺🇸 Dravidians · United States
715
-14
🇲🇽 Franks · Mexico
699
-13
Womb Raider
4:15 Loom
5:41 Loom
6:57 Loom
16:28 Feudal Age
16:56 Double-Bit Axe
17:00 Town Watch
17:20 Fishing Lines
20:44 Gold Mining
21:25 Scale Barding Armor
22:49 Forging
23:56 Wheelbarrow
25:58 Fletching
26:53 Scale Mail Armor
30:36 Castle Age
KcoasRaulMx
3:30 Loom
16:06 Feudal Age
16:59 Double-Bit Axe
19:28 Fletching
20:09 Forging
26:00 Castle Age
24:55 Padded Archer Armor
25:53 Scale Barding Armor
27:00 Crossbowman
27:19 Crossbowman
27:19 Elite Skirmisher
28:50 Husbandry
sayCrispy
14:14 Feudal Age
19:08 Castle Age
17:47 Double-Bit Axe
17:56 Horse Collar
20:55 Bloodlines
20:47 Husbandry
21:39 Heavy Plow
25:28 Fletching
25:39 Padded Archer Armor
29:06 Scale Barding Armor
28:57 Bodkin Arrow
29:21 Leather Archer Armor
29:33 Ballistics
30:53 Bow Saw
30:54 Thumb Ring
LODOKO
10:50 Loom
13:50 Feudal Age
16:01 Fletching
16:44 Padded Archer Armor
22:33 Castle Age
21:00 Scale Mail Armor
23:17 Forging
22:39 Crossbowman
23:38 Thumb Ring
23:01 Pikeman
25:16 Leather Archer Armor
26:06 Arson
26:23 Squires
28:03 Bodkin Arrow
Connection lost

Rejoining the realm…

Still unreachable

The connection could not be restored.

Session expired

The server has moved on; the page needs a fresh start.